 Dungeon Crawl Stone Soup version 0.29.1-13-g9f3cf754e1 (webtiles) character file.

Game seed: 14063647583085685912

118920 Atlar the Marksdemigod (level 15, -2/115 HPs)
             Began as a Demigod Hunter on Feb 3, 2023.
             Slain by a merfolk impaler
             ... wielding a +2 trident of protection
              (11 damage)
             ... on level 4 of the Shoals.
             The game lasted 03:34:10 (32330 turns).

Atlar the Marksdemigod (Demigod Hunter)            Turns: 32330, Time: 03:34:12

Health: -2/115     AC: 17    Str: 15    XL:     15   Next: 79%
Magic:  2/30       EV: 10    Int: 23    God:
Gold:   796        SH:  0    Dex: 25    Spells: 7/28 levels left

rFire   + . .      SeeInvis .   k - +4 longbow (vorpal)
rCold   + . .      Faith    .   (shield currently unavailable)
rNeg    + . .      Spirit   .   G - +1 robe of Vines {NoPotionHeal Regen++++}
rPois   +          Reflect  +   P - +2 hat
rElec   +          Harm     .   N - +2 cloak {rCorr}
rCorr   +          Rampage  .   K - +1 pair of gloves {Str+3}
Will    +....                   M - +2 pair of boots {Stlth+}
Stlth   ++........              q - amulet of reflection
HPRegen 3.49/turn               C - ring of Lucidity {rElec rN+ Slay+4}
MPRegen 0.22/turn               c - +4 ring of protection

@: resistant, held, studying Summonings, very slow
A: high MP 1, forlorn, divine attributes
a: no special abilities


You were on level 4 of the Shoals.
You visited 5 branches of the dungeon, and saw 25 of its levels.
You also visited: Ice Cave.

You collected 2371 gold pieces.
You spent 1575 gold pieces at shops.

Inventory:

Hand Weapons
 f - the +7 whip of Oxtyunk {freeze, MP+9 Dex+4}
   (You found it in an ice cave)

   It freezes those it strikes, dealing additional cold damage.
   It can also slow down cold-blooded creatures.
   Dex:       It affects your dexterity (+4).
   MP:        It affects your magic capacity (+9).
 k - a +4 vorpal longbow (weapon)
 n - the +7 hand axe of Tumult {freeze, Will+}
   (You found it in an ice cave)

   It freezes those it strikes, dealing additional cold damage.
   It can also slow down cold-blooded creatures.
   Will:      It increases your willpower.
Missiles
 Q - 4 throwing nets
Armour
 i - a +0 buckler
 p - a +2 robe of fire resistance
 s - a scarf of shadows
 v - a +3 plate armour of cold resistance
 G - the +1 robe of Vines (worn) {NoPotionHeal Regen++++}
   (You found it on level 5 of the Lair of Beasts)

   Its wearer cannot be healed by potions.
   Regen:     It increases your rate of health regeneration.
 K - a +1 pair of gloves of strength (worn)
 M - a +2 pair of boots of stealth (worn)
 N - a +2 cloak of preservation (worn)
 P - a +2 hat (worn)
 Y - the +1 leather armour "Rubbyamiosk" {rPois}
   (You found it on level 2 of the Lair of Beasts)

   rPois:     It protects you from poison.
 Z - the -2 cloak "Dekk" {rC- Will+ Str+3}
   (You found it on level 2 of the Lair of Beasts)

   Str:       It affects your strength (+3).
   rC:        It makes you vulnerable to cold.
   Will:      It increases your willpower.
Jewellery
 c - a +4 ring of protection (right hand)
 m - a ring of ice
 q - an amulet of reflection (around neck)
 y - the ring "Qiypn" {Fire +Blink Int+4 Dex-5}
   (You found it on level 5 of the Dungeon)

   [ring of fire]

   It enhances your fire magic.
   Int:       It affects your intelligence (+4).
   Dex:       It affects your dexterity (-5).
   rF:        It protects you from fire.
   rC:        It makes you vulnerable to cold.
   +Blink:    It lets you blink.
 C - the ring of Lucidity (left hand) {rElec rN+ Slay+4}
   (You acquired it on level 1 of the Orcish Mines)

   [ring of positive energy]

   Slay:      It affects your accuracy & damage with ranged weapons and melee
   (+4).
   rElec:     It insulates you from electricity.
   rN:        It protects you from negative energy.
 F - a ring of fire
 O - a +6 ring of intelligence
 R - a ring of see invisible
Wands
 r - a wand of digging (4)
 t - a wand of acid (2)
 H - a wand of iceblast (2)
 S - a wand of paralysis (7)
Scrolls
 b - 8 scrolls of immolation
 d - 2 scrolls of identify
 j - 5 scrolls of poison
 l - a scroll of silence
 w - 3 scrolls of brand weapon
 x - 4 scrolls of vulnerability
 A - 3 scrolls of amnesia
 E - a scroll of butterflies
 L - 2 scrolls of magic mapping
 T - 2 scrolls of teleportation
Potions
 e - 2 potions of cancellation
 g - a potion of ambrosia
 o - 3 potions of brilliance
 u - 3 potions of berserk rage
 z - 6 potions of might
 B - 4 potions of mutation
 D - 5 potions of curing
 I - 3 potions of lignification
 J - 2 potions of flight
 U - 4 potions of heal wounds
 W - 2 potions of haste
 X - a potion of invisibility
Miscellaneous
 V - a phial of floods


   Skills:
 + Level 6.1 Fighting
 + Level 15.5 Ranged Weapons
 - Level 4.0 Armour
 + Level 9.6 Dodging
 - Level 3.8 Stealth
 - Level 7.3 Spellcasting
 - Level 8.9 Conjurations
 - Level 4.1 Hexes
 - Level 4.1 Translocations
 - Level 2.3 Transmutations
 - Level 2.2 Fire Magic
 - Level 8.0 Ice Magic
 - Level 8.9 Air Magic
 - Level 7.5 Poison Magic


You had 7 spell levels left.
You knew the following spells:

 Your Spells              Type           Power      Damage    Failure   Level
a - Olgreb's Toxic Radia  Pois           43%        N/A       3%          4
b - Portal Projectile     Hex/Tloc       54%        N/A       4%          3
c - Tukima's Dance        Hex            27%        N/A       4%          3
d - Ignite Poison         Fire/Tmut/Pois 27%        N/A       4%          3
e - Mephitic Cloud        Conj/Pois/Air  47%        N/A       1%          3
f - Freezing Cloud        Conj/Ice/Air   24%        6-21      6%          5

Your spell library contained the following spells:

 Spells                   Type           Power      Damage    Failure   Level
 Foxfire                  Conj/Fire      100%       2x1d9     1%          1
 Shock                    Conj/Air       100%       1d9       1%          1
 Ensorcelled Hibernation  Hex/Ice        72%        N/A       1%          2
 Searing Ray              Conj           98%        2d8       1%          2
 Swiftness                Air            49%        N/A       1%          3
 Airstrike                Air            24%        2d(4-20)  1%          4
 Conjure Flame            Conj/Fire      34%        6-21      2%          3
 Spider Form              Tmut/Pois      31%        N/A       3%          3
 Inner Flame              Hex/Fire       23%        N/A       6%          3
 Corpse Rot               Necr/Pois/Air  33%        N/A       8%          4
 Flame Wave               Conj/Fire      34%        2d10      8%          4
 Sticky Flame             Conj/Fire      34%        2d5       8%          4
 Summon Ice Beast         Ice/Summ       26%        N/A       14%         4
 Fireball                 Conj/Fire      17%        3d9       21%         5
 Irradiate                Conj/Tmut      17%        3d17      21%         5
 Anguish                  Hex/Necr       8%         N/A       32%         4
 Blade Hands              Tmut           9%         N/A       63%         5
 Summon Mana Viper        Hex/Summ       17%        N/A       65%         5
 Starburst                Conj/Fire      17%        6d6       75%         6
 Ozocubu's Refrigeration  Ice            22%        4d12      93%         7
 Monstrous Menagerie      Summ           4%         N/A       100%        7
 Spellforged Servitor     Conj/Summ      14%        N/A       100%        7
 Ignition                 Fire           9%         3d5       100%        8
 Fire Storm               Conj/Fire      17%        8d4       100%        9


Dungeon Overview and Level Annotations

Branches:
Dungeon (13/15)            Temple (0/1) D:5            Lair (5/5) D:11
 Shoals (4/4) Lair:2       Spider (1/4) Lair:2        Slime (0/5) Lair:4
    Orc (2/2) D:10            Elf (0/3) Orc:2        Vaults (0/5) D:13
  IceCv (visited)

Shops:
D:13 =   Orc:2 ([[[=   Shoals:1 [

Annotations:
D:4 Dowan, Duvessa, Ijyb
D:7 Joseph
D:13 2 transporters, Duirphodo's ghost, adept FoCj
Lair:3 2 transporters, Ruicvywi's ghost, journeyman OgTm
Shoals:4 Ilsuiw
Orc:1 Josephine


Innate Abilities, Weirdness & Mutations

You have an increased reservoir of magic. (+10% MP)
You shall have no god before yourself.
Your divine heritage dramatically boosts your attributes as you level up.


Message History

You become entangled in the net!
You hear a splash.
The merfolk impaler hits you from afar with a +2 trident of protection!
Casting: Ignite Poison (mildly dangerous; 4% risk of failure)
Confirm with . or Enter, or press ? or * to list all spells.
You ignite the poison in your surroundings!
The water nymph seems to burn from within!
The water nymph is severely wounded.
The merfolk seems to burn from within!
The merfolk is heavily wounded.
The merfolk impaler seems to burn from within!!
The merfolk impaler is severely wounded.
The water nymph touches you. The water nymph drowns you!
The merfolk is engulfed in freezing vapours.
The merfolk impaler hits you from afar with a +2 trident of protection!
Okay, then.
Aiming: Corrosive Bolt
Press: ? - help, Shift-Dir - straight line, p - merfolk impaler The bolt of acid misses the water nymph.
The bolt of acid misses the merfolk impaler.
The plant is engulfed in a cloud of scalding steam.
The plant begins to die.
The merfolk impaler hits you from afar with a +2 trident of protection!
The water nymph touches you. The water nymph drowns you!
* * * LOW HITPOINT WARNING * * *
The merfolk is engulfed in freezing vapours.
The merfolk impaler barely misses you.
Aiming: Corrosive Bolt
Press: ? - help, Shift-Dir - straight line The bolt of acid misses the water nymph.
The bolt of acid misses the merfolk impaler.
The plant is engulfed in a cloud of scalding steam.
The plant begins to die.
The merfolk impaler is engulfed in a cloud of scalding steam.
The merfolk impaler barely misses you. The water nymph casts a spell at you.
The water swirls and strikes you!!
* * * LOW HITPOINT WARNING * * *
The merfolk impaler hits you from afar with a +2 trident of protection!
You die...

≈≈≈≈≈~~~~~~~~~~~~
☼○○○☼○☼○°°°~..~~~~
○○○☼○○☼☼☼○.......
○○☼☼°☼°☼°○.PPPPP
☼☼☼○☼○○☼○~..PP# .:
○○○○☼○☼○°~#c..#...
°○☼°○☼☼m#~#.m...P~
○○°☼○☼☼m#.......P.
☼○°°○☼°@#)..)φ....
○○○°○☼○○°§§°§○☼.PP
○☼○☼○○○☼○§○☼○°☼~#P
☼○☼°☼☼☼○°○○○#~○~#
○○○○☼○☼☼☼○☼P#PPP..
°°☼☼○○☼○○°○PPPPP~.
○☼○°☼○☼☼°☼○☼○☼○~~.
○○#°#☼°☼○○☼○☼☼○~
≈≈≈#≈~~~~~~~~~~~


You could see a merfolk impaler and a water nymph.

Vanquished Creatures
  An azure jelly (IceCv)
  An orc warlord (Orc:1)
  Azrael (D:12)
  2 merfolk impalers (Shoals:4)
  A merfolk javelineer (Shoals:3)
  Harold (Orc:1)
  A boulder beetle (D:13)
  5 merfolk avatars
  A catoblepas (Lair:5)
  3 centaur warriors
  An ogre mage (D:13)
  6 hydras
  2 merfolk aquamancers (Shoals:3)
  6 two-headed ogres
  A death knight (D:11)
  3 death yaks (Lair:5)
  A deep troll shaman (Lair:5)
  3 satyrs
  Urug (Lair:1)
  A deep elf knight (D:13)
  6 sea snakes
  2 skeletal warriors
  2 deep elf pyromancers
  2 orc knights (Orc:2)
  19 harpies
  Pikel (D:9)
  4 ugly things
  4 orc sorcerers
  2 cyclopes
  16 manticores
  15 fauns
  11 merfolk sirens
  2 black mambas
  9 elephants (Lair:5)
  3 unseen horrors
  3 water nymphs
  19 cane toads
  2 ice statues (IceCv)
  3 centaur skeletons (D:13)
  4 komodo dragons
  2 kobold demonologists
  4 rime drakes
  A tengu conjurer (D:13)
  23 merfolk
  2 polar bears
  8 trolls
  3 meliai (Spider:1)
  A wind drake (Shoals:3)
  2 hornets
  32 slime creatures
  2 tyrant leeches (D:12)
  12 blink frogs
  9 snapping turtles
  2 dream sheep (Shoals:2)
  6 wraiths
  2 vampires (D:12)
  9 water elementals
  A human (D:10)
  A shadow (D:10)
  8 wyverns
  41 yaks
  A fire elemental (D:12)
  Grum (D:9)
  6 vampire mosquitoes
  3 basilisks
  6 two-headed ogre zombies (Orc:1)
  6 wargs
  7 acid dragons
  3 hell hounds (D:12)
  8 water moccasins
  22 orc warriors
  2 sky beasts
  An ice beast (D:6)
  5 black bears
  2 great orb of eyes simulacra (IceCv)
  8 ogres
  4 centaurs
  10 wolves
  A lemure (D:9)
  2 slime creature simulacra (IceCv)
  3 phantoms
  6 kobold brigands
  Blork the orc (D:4)
  13 bullfrogs
  2 gnoll sergeants
  3 scorpions
  4 glowing shapeshifter simulacra (IceCv)
  2 wights (D:7)
  7 killer bees
  3 howler monkeys
  An electric eel (Lair:2)
  18 orc priests
  A hound (D:5)
  7 jellies
  7 iguanas
  Terence (D:3)
  30 orc wizards
  7 hell rats (Lair:5)
  3 shapeshifter simulacra (IceCv)
  A boggart skeleton (D:13)
  14 gnolls
  6 adders
  3 shadow imps
  3 white imps
  An ufetubus (D:3)
  6 dart slugs
  96 orcs
  7 ball pythons
  7 endoplasms
  A giant cockroach (D:3)
  11 hobgoblins
  4 jackals (D:4)
  2 quokkas
  3 bats
  A frilled lizard (D:2)
  8 goblins
  17 kobolds
  4 rats
754 creatures vanquished.

Vanquished Creatures (collateral kills)
  An orc warrior (D:10)
1 creature vanquished.

Vanquished Creatures (others)
  An unseen horror (D:12)
  28 fungi
  118 plants
147 creatures vanquished.

Grand Total: 902 creatures vanquished

Notes
Turn   | Place    | Note
-------+----------+-------------------------------------------
     0 | D:1      | Atlar the Demigod Hunter began the quest for the Orb.
     0 | D:1      | Reached XP level 1. HP: 17/17 MP: 3/3
    39 | D:1      | Reached skill level 1 in Stealth
   381 | D:1      | Reached XP level 2. HP: 21/24 MP: 4/4
   985 | D:1      | Reached skill level 4 in Ranged Weapons
  1427 | D:2      | Reached XP level 3. HP: 29/29 MP: 5/5
  1482 | D:2      | Identified the +9 dagger of Mayhem {antimagic, Will+}
  1912 | D:3      | Noticed Terence
  1920 | D:3      | Killed Terence
  1921 | D:3      | Reached XP level 4. HP: 17/36 MP: 6/6
  2738 | D:4      | Reached skill level 5 in Ranged Weapons
  2738 | D:4      | Reached XP level 5. HP: 33/41 MP: 7/7
  2800 | D:4      | Noticed Duvessa
  2811 | D:4      | Learned a level 4 spell: Olgreb's Toxic Radiance
  2829 | D:4      | Noticed Dowan
  3039 | D:4      | Noticed Blork the orc
  3050 | D:4      | Killed Blork the orc
  3051 | D:4      | Reached skill level 1 in Poison Magic
  3569 | D:4      | Reached skill level 1 in Spellcasting
  3881 | D:4      | Noticed Ijyb
  3927 | D:5      | Entered Level 5 of the Dungeon
  3946 | D:5      | Reached XP level 6. HP: 48/48 MP: 10/10
  4274 | D:5      | Found a staircase to the Ecumenical Temple.
  4331 | D:5      | Identified the ring "Qiypn" {Fire +Blink Int+4 Dex-5}
  4394 | D:5      | Reached skill level 6 in Ranged Weapons
  4394 | D:5      | Reached XP level 7. HP: 53/53 MP: 13/13
  4398 | D:5      | Learned a level 3 spell: Portal Projectile
  4402 | D:5      | Learned a level 3 spell: Tukima's Dance
  5097 | D:6      | Reached XP level 8. HP: 60/60 MP: 16/16
  5287 | D:6      | Reached skill level 7 in Ranged Weapons
  5484 | D:6      | Reached skill level 5 in Poison Magic
  6517 | D:7      | Reached skill level 5 in Spellcasting
  6662 | D:7      | Noticed a hornet
  6669 | D:7      | Killed a hornet
  6670 | D:7      | Reached XP level 9. HP: 50/67 MP: 20/20
  6893 | D:7      | HP: 3/62 [wight/+5 hand axe of freezing (2)]
  6893 | D:7      | HP: 1/60 [wight/+5 hand axe of freezing (1)]
  6907 | D:7      | Reached skill level 8 in Ranged Weapons
  7434 | D:7      | Noticed Joseph
  8982 | D:8      | Reached skill level 1 in Hexes
  8982 | D:8      | Reached skill level 1 in Translocations
 10151 | D:9      | Reached XP level 10. HP: 21/73 MP: 1/22
 10422 | D:9      | Noticed a two-headed ogre
 10430 | D:9      | Killed a two-headed ogre
 10431 | D:9      | Reached skill level 9 in Ranged Weapons
 10598 | D:9      | Noticed Grum
 10618 | D:9      | Killed Grum
 11240 | D:9      | Noticed Pikel
 11251 | D:9      | Killed Pikel
 11263 | D:10     | Entered Level 10 of the Dungeon
 11573 | D:10     | Paralysed by a hornet for 2 turns
 12138 | D:10     | Found a staircase to the Orcish Mines.
 13422 | D:11     | Reached skill level 1 in Armour
 13513 | D:11     | Noticed a cyclops
 13523 | D:11     | Noticed a centaur warrior
 13627 | D:11     | Noticed a two-headed ogre
 13637 | D:11     | Killed a two-headed ogre
 13638 | D:11     | Reached skill level 10 in Ranged Weapons
 13638 | D:11     | Reached XP level 11. HP: 49/82 MP: 12/23
 13997 | D:11     | Noticed a centaur warrior
 14454 | D:11     | Noticed a two-headed ogre
 14475 | D:10     | Killed a two-headed ogre
 14869 | D:11     | Found a staircase to the Lair.
 14885 | D:11     | Noticed a skeletal warrior
 14928 | Orc:1    | Entered Level 1 of the Orcish Mines
 14940 | Orc:1    | Reached skill level 5 in Dodging
 15178 | Orc:1    | Identified a scroll of acquirement
 15180 | Orc:1    | Acquired the ring of Lucidity {rElec rN+ Slay+4}
 15186 | Orc:2    | Entered Level 2 of the Orcish Mines
 15316 | Orc:2    | Found Henuf's Antique Armour Shop.
 15453 | Orc:1    | Noticed Josephine
 15603 | Orc:2    | Bought a shimmering ring mail for 234 gold pieces
 15603 | Orc:2    | Identified the +0 ring mail of the Bulwark {Rampage rF+
                  | Str-4} (You bought it in a shop on level 2 of the Orcish
                  | Mines)
 15603 | Orc:2    | Bought a runed cloak for 195 gold pieces
 15603 | Orc:2    | Bought a pair of embroidered gloves for 195 gold pieces
 15603 | Orc:2    | Bought a runed hat for 182 gold pieces
 15987 | Orc:2    | Noticed an orc knight
 16002 | Orc:2    | Killed an orc knight
 16107 | Orc:2    | Found Etwazuum's Jewellery Shoppe.
 16212 | Orc:2    | Reached skill level 11 in Ranged Weapons
 16309 | Orc:2    | Found Hukhi's Antique Armour Shoppe.
 16332 | Orc:2    | Found a staircase to the Elven Halls.
 16512 | Orc:2    | Paralysed by an orc sorcerer for 4 turns
 16875 | Orc:2    | Noticed an orc warlord
 17111 | Lair:1   | Entered Level 1 of the Lair of Beasts
 17112 | Lair:1   | Acquired a +1 vorpal longbow
 17393 | Lair:1   | Noticed Urug
 17401 | Lair:1   | Killed Urug
 18012 | Lair:2   | Found a hole to the Spider Nest.
 18021 | Lair:2   | Reached XP level 12. HP: 89/89 MP: 26/26
 18262 | Lair:2   | Identified the +11 spear of Izyf {holy, rF- rC+ rCorr Int+5
                  | Dex+3}
 18313 | Lair:2   | Found a dark tunnel.
 18602 | Lair:2   | Identified the +1 leather armour "Rubbyamiosk" {rPois}
 18621 | Lair:2   | Learned a level 3 spell: Ignite Poison
 18684 | Lair:2   | Identified the -2 cloak "Dekk" {rC- Will+ Str+3}
 18732 | Lair:2   | Found a staircase to the Shoals.
 19003 | Lair:3   | Noticed a four-headed hydra
 19078 | Lair:3   | Noticed Ruicvywi's ghost (journeyman OgTm)
 19081 | Lair:3   | Found a transporter.
 19161 | Lair:3   | Killed a four-headed hydra
 19162 | Lair:3   | Reached skill level 1 in Transmutations
 19162 | Lair:3   | Reached skill level 1 in Fire Magic
 19448 | Lair:3   | Reached skill level 12 in Ranged Weapons
 19457 | Lair:3   | Learned a level 3 spell: Mephitic Cloud
 19549 | Lair:3   | Noticed a seven-headed hydra
 19555 | Lair:3   | Killed a seven-headed hydra
 19626 | Lair:3   | Reached skill level 1 in Air Magic
 19816 | Lair:3   | Reached skill level 1 in Conjurations
 19878 | Lair:3   | Found a transporter.
 20685 | Lair:4   | Learned a level 5 spell: Freezing Cloud
 20794 | Lair:4   | Noticed a six-headed hydra
 20890 | Lair:4   | Killed a six-headed hydra
 20931 | Lair:4   | Found a staircase to the Slime Pits.
 21402 | Lair:4   | Noticed a five-headed hydra
 21409 | Lair:4   | Killed a five-headed hydra
 21732 | Lair:5   | Entered Level 5 of the Lair of Beasts
 21799 | Lair:5   | Reached XP level 13. HP: 86/94 MP: 5/28
 21959 | Lair:5   | Found a frozen archway.
 21986 | Lair:5   | Got the Writings on Blows and Bruises
 21997 | IceCv    | Entered an ice cave
 22308 | IceCv    | Reached skill level 1 in Ice Magic
 22725 | IceCv    | Noticed an azure jelly
 22834 | IceCv    | Killed an azure jelly
 22981 | IceCv    | Got the +7 hand axe of Tumult {freeze, Will+}
 23076 | IceCv    | Reached skill level 13 in Ranged Weapons
 23199 | IceCv    | Got the +7 whip of Oxtyunk {freeze, MP+9 Dex+4}
 23497 | Lair:5   | Reached skill level 5 in Conjurations
 23497 | Lair:5   | Reached skill level 5 in Air Magic
 24535 | Lair:5   | Found the +1 robe of Vines {NoPotionHeal Regen++++}
 24747 | Orc:1    | Killed an orc warlord
 25134 | Orc:2    | Found Ywuzie's Antique Weapon Boutique.
 25139 | Orc:2    | Found Okam's Antique Armour Shop.
 25187 | Orc:2    | Bought a pair of glowing boots for 285 gold pieces
 25200 | Orc:2    | Bought an embroidered scarf for 304 gold pieces
 25258 | Orc:2    | Bought a pair of embroidered gloves for 180 gold pieces
 25319 | Orc:1    | Noticed Harold
 25326 | Orc:1    | Killed Harold
 25421 | Orc:1    | Reached XP level 14. HP: 94/102 MP: 22/29
 25916 | D:11     | Reached skill level 5 in Ice Magic
 27015 | D:12     | Noticed Azrael
 27026 | D:12     | Killed Azrael
 27382 | D:12     | Found the +8 Vampire's Tooth {vamp}
 28072 | D:13     | Noticed Duirphodo's ghost (adept FoCj)
 28072 | D:13     | Found a transporter.
 28073 | D:13     | Found a transporter.
 28153 | D:13     | Reached skill level 14 in Ranged Weapons
 28239 | D:13     | Found Riwk's Jewellery Shoppe.
 29116 | D:13     | Found a gate to the Vaults.
 29383 | Spider:1 | Entered Level 1 of the Spider Nest
 29394 | Lair:2   | Noticed a ghost moth
 29397 | Lair:2   | HP: 5/102 [ghost moth (9)]
 29607 | Shoals:1 | Entered Level 1 of the Shoals
 29765 | Shoals:1 | Found Zups's Antique Armour Emporium.
 30549 | Shoals:2 | Reached XP level 15. HP: 101/107 MP: 15/30
 31336 | Shoals:3 | Got Sif Muna's Atlas of Grim Confrontation
 31465 | Shoals:3 | Reached skill level 15 in Ranged Weapons
 31700 | Shoals:3 | Reached skill level 5 in Fighting
 32144 | Shoals:4 | Entered Level 4 of the Shoals
 32249 | Shoals:4 | Noticed Ilsuiw
 32330 | Shoals:4 | Slain by a merfolk impaler

Illustrated notes

Levels and vault maps discovered:
D:1:      dpeg_arrival_three_same_balls, layout_basic, minmay_ruptured
D:2:      cheibrodos_old_hovel, layout_basic, basic_altar, minmay_domino_4
D:3:      minmay_razor_zed, layout_loops_ring, cheibrodos_worm_habitat,
          ebering_ecumenical_altar_sacrificial, grunt_decor_junction,
          uniq_terence
D:4:      layout_rooms, jmf_multi_god_temple, uniq_blork_the_orc, uniq_ijyb,
          uniq_duvessa
D:5:      layout_gridville, overflow_temple_1_default,
          nicolae_gozag_cash_rules_everything_around_me,
          minmay_temple_entry_waves
D:6:      layout_loops_cross, mainiacjoe_overflow_small_starburst,
          minmay_fractal_squares_5
D:7:      layout_basic, enter_ossuary_5, serial_co_window_serial,
          co_window_paths_a, co_window_paths_b, co_window_paths_b,
          co_window_paths_a, co_window_paths_a, co_window_corner_a,
          co_window_of_opportunity_c, co_window_of_opportunity_c,
          co_window_unsneaky_path_e, co_window_cross_3, co_window_broadway_c,
          co_window_2corner, glass_columns_a, glass_columns_b, glass_columns_c,
          grunt_ministairs_4, uniq_joseph
D:8:      layout_loops_cross, mainiacjoe_overflow_six_doors_small,
          kennysheep_mini, ashenzari_conservatory_becter, bloody_trog,
          grunt_temple_overflow_open, minmay_misc_feat_cross
D:9:      layout_irregular_city, uniq_pikel, uniq_grum
D:10:     layout_stronghold, grunt_dithmenos_smoke_and_mirrors, erik_orc_4,
          minmay_hedge_maze
D:11:     cheibrodos_ideogram_h, layout_cave_pods, erik_lair_orcish_takeover,
          hex_medium
D:12:     layout_stronghold, minmay_guarded_unrand_vampires_tooth, uniq_azrael
D:13:     layout_stronghold, hangedman_vaults_entry_quadrant_bands,
          gammafunk_ghost_arena, serial_shops, nicolae_shop_behind_doors
Lair:1:   layout_roguey, nicolae_quartered_pool_little, uniq_urug
Lair:2:   layout_regular_city, elwin_shoals_entry_rooms,
          spider_nest_entry_web_field, nicolae_volcano_entry_s_turn,
          lemuel_fruit_tree
Lair:3:   layout_loops_ring, gammafunk_ghost_arena, infiniplex_staircase_pool
Lair:4:   layout_cave_pods, nicolae_slime_entry_slimehenge, beast_lair_carwin_10
Lair:5:   grunt_lair_end_beastmaster, layout_misc_corridors,
          portal_ice_cave_entry_pillars_2
Shoals:1: layout_shoals, serial_shops, shop
Shoals:2: layout_shoals
Shoals:3: layout_shoals
Shoals:4: shoals_end_grunt_garden, layout_shoals, shoal_ilsuiw, serial_shops,
          nicolae_lakefront_shop, uniq_polyphemus, uniq_louise
Spider:1: layout_spider_delve, hangedman_spider_tarantella_strand
Orc:1:    lemuel_ogre_cave, layout_caves, uniq_snorg, uniq_josephine,
          uniq_harold
Orc:2:    grunt_orc_community_town_hall, layout_diamond_mine,
          grunt_orc_community_big_house_1, grunt_orc_community_big_house_1,
          grunt_orc_community_house_3, grunt_orc_community_house_3,
          grunt_orc_community_house_3, grunt_orc_community_house_1,
          serial_shops, shop_statue

Skill      XL: |  1  2  3  4  5  6  7  8  9 10 11 12 13 14 15 |
---------------+----------------------------------------------+-----
Stealth        | 1 2 3 |  3.8
Ranged Weapons | 4 5 6 7 8 10 11 12 13 14 15 | 15.5
Poison Magic   | 1 2 4 5 7 |  7.5
Spellcasting   | 1 2 3 5 6 7 |  7.3
Hexes          | 2 4 |  4.1
Translocations | 2 4 |  4.1
Fighting       | 3 6 |  6.1
Dodging        | 4 6 8 9 |  9.6
Armour         | 1 4 |  4.0
Transmutations | 2 |  2.3
Fire Magic     | 2 |  2.2
Air Magic      | 3 6 8 |  8.9
Conjurations   | 3 6 8 |  8.9
Ice Magic      | 4 7 8 |  8.0

Action                   |  1- 3 |  4- 6 |  7- 9 | 10-12 | 13-15 || total
-------------------------+-------+-------+-------+-------+-------++-------
Melee: Shortbow          |       |       |       |     2 |       ||     2
 Fire: Shortbow          |    88 |   171 |   352 |   411 |       ||  1022
       Longbow           |       |       |       |   278 |  1127 ||  1405
 Cast: Olgreb's Toxic Ra |       |       |    22 |    81 |    80 ||   183
       Portal Projectile |       |       |       |    58 |    18 ||    76
       Tukima's Dance    |       |       |       |     7 |       ||     7
       Ignite Poison     |       |       |       |     3 |    54 ||    57
       Mephitic Cloud    |       |       |       |       |    12 ||    12
       Freezing Cloud    |       |       |       |       |    17 ||    17
Evoke: Wand              |       |       |       |     3 |     4 ||     7
  Use: Scroll            |     4 |     3 |     6 |    16 |    19 ||    48
       Potion            |       |     3 |     5 |     4 |     1 ||    13
Armor: Leather armour    |     9 |    19 |    27 |    20 |    29 ||   104
       Robe              |       |       |     7 |    16 |   124 ||   147
       Troll leather arm |       |       |       |    63 |       ||    63
Dodge: Dodged            |    13 |    42 |    79 |   266 |   492 ||   892
Block: Other             |       |       |     9 |    97 |   105 ||   211
       Reflection        |       |       |     6 |     8 |    13 ||    27
